 Dungeon Crawl Stone Soup version 0.28-a0-1312-g71652a0310 (webtiles) character file.

Game seed: 1023660440176040125

6 torgal the Digger (level 1, 0/10 HPs)
             Began as a Gargoyle Earth Elementalist on Dec 27, 2021.
             Slain by a jackal (1 damage)
             ... on level 1 of the Dungeon.
             The game lasted 00:02:01 (165 turns).

torgal the Digger (Gargoyle Earth Elementalist)      Turns: 165, Time: 00:02:01

Health: 0/10       AC:  4    Str: 11    XL:     1   Next: 90%
Magic:  1/3        EV: 12    Int: 21    God:
Gold:   42         SH:  0    Dex: 10    Spells: 3/4 levels left

rFire   . . .      SeeInvis .   a - +0 dagger
rCold   . . .      Faith    .   (no shield)
rNeg    + . .      Spirit   .   b - +0 robe
rPois   ∞          Reflect  .   (no helmet)
rElec   +          Harm     .   (no cloak)
rCorr   .          Rampage  .   (no gloves)
Will    .....                   (no boots)
Stlth   ++........              (no amulet)
HPRegen 0.03/turn               d - +6 ring of intelligence
MPRegen 0.08/turn               (no ring)

@: no status effects
A: sickness immunity, AC +2, negative energy resistance 1, electricity
resistance, torment resistance 1, petrification resistance
a: no special abilities


You were on level 1 of the Dungeon.
You visited 1 branch of the dungeon, and saw 1 of its levels.

You collected 42 gold pieces.

Inventory:

Hand Weapons
 a - a +0 dagger (weapon)
Missiles
 c - 24 stones
Armour
 b - a +0 robe (worn)
Jewellery
 d - a +6 ring of intelligence (left hand)


   Skills:
 + Level 1.6 Dodging
 + Level 2.3 Stealth
 + Level 2.1 Spellcasting
 + Level 0.9 Transmutations
 + Level 3.7 Earth Magic


You had 3 spell levels left.
You knew the following spells:

 Your Spells              Type           Power      Damage    Failure   Level
a - Sandblast             Erth           34%        2d9       3%          1

Your spell library contained the following spells:

 Spells                   Type           Power      Damage    Failure   Level
 Passwall                 Tmut/Erth      10%        N/A       9%          2
 Stone Arrow              Conj/Erth      20%        3d8       21%         3
 Petrify                  Tmut/Erth      12%        N/A       50%         4


Dungeon Overview and Level Annotations

Branches:
Dungeon (1/15)

Altars:


Innate Abilities, Weirdness & Mutations

You are immune to sickness and miasma.
Your stone body is resilient. (AC +2)
You are immune to poison.
You resist negative energy. (rN+)
You are resistant to electric shocks. (rElec)
You are resistant to unholy torment.
You are immune to petrification.


Message History

The jackal barely misses you.
A rat comes into view.
The jackal barely misses you. The jackal misses you.
Casting: Sandblast (safe; 3% risk of failure)
Confirm with . or Enter, or press ? or * to list all spells.
Aiming: Sandblast (safe; 3% risk of failure)
Press: ? - help, Shift-Dir - straight line, f - jackal, p - jackal
Aim: a jackal (74% to hit)
The blast of sand hits the jackal!
You kill the jackal!
The jackal bites you but does no damage.
You closely miss the jackal. The jackal misses you.
The jackal completely misses you. The jackal misses you.
The jackal bites you but does no damage.
You closely miss the jackal. The jackal closely misses you.
The jackal barely misses you.
Casting: Sandblast (safe; 3% risk of failure)
Confirm with . or Enter, or press ? or * to list all spells.
You don't have enough magic to cast this spell.
You closely miss the jackal. The jackal closely misses you.
The jackal bites you but does no damage.
The jackal misses you.
You hit the jackal.
The jackal is severely wounded.
The jackal bites you but does no damage.
The jackal bites you.
* * * LOW HITPOINT WARNING * * *
The jackal bites you but does no damage.
You barely miss the jackal.
The jackal is severely wounded.
The jackal barely misses you. The jackal closely misses you.
You barely miss the jackal. The jackal barely misses you. x2
The jackal closely misses you. The jackal bites you.
* * * LOW HITPOINT WARNING * * *
You closely miss the jackal. The jackal closely misses you.
The jackal barely misses you.
You hit the jackal.
You kill the jackal!
The jackal bites you.
You die...

.# ###.## #....# #....##
#.....# ..########...#
....rK†@hh...#
..#######.)..##+####.
...................
......b........##
................#
##++####...###.....#
##....###...# #.§§..# #
#......##...# #§§§†.##.#
##....8.##...###§§§#..#.#


You could see 2 jackals, a kobold and a rat.

Vanquished Creatures
  A giant cockroach (D:1)
  3 jackals (D:1)
  A ball python (D:1)
  A bat (D:1)
  A kobold (D:1)
7 creatures vanquished.

Notes
Turn   | Place    | Note
-------+----------+-------------------------------------------
     0 | D:1      | torgal the Gargoyle Earth Elementalist began the quest for
                  | the Orb.
     0 | D:1      | Reached XP level 1. HP: 10/10 MP: 3/3
    94 | D:1      | Found a faded altar of an unknown god.
   165 | D:1      | Slain by a jackal

Illustrated notes

Levels and vault maps discovered:
D:1:      dpeg_arrival_refuge, layout_basic, ebering_ecumenical_altar_mist

Action                   || total
-------------------------++-------
Melee: Dagger            ||    30
 Cast: Sandblast         ||     6
  Use: Scroll            ||     1
       Potion            ||     1
Armor: Robe              ||    21
Dodge: Dodged            ||    39

Table legend: (Time is in decaauts)
 A = Elapsed time spent in this place.
 B = Non-inter-level travel time spent in this place.
 C = Inter-level travel time spent in this place.
 D = Time resting spent in this place.
 E = Time spent auto-exploring this place.
 F = Levels seen in this place.
 G = Mean time per level.
                   A        B        C        D        E       F      G
               +--------+--------+--------+--------+--------+-----+--------+
         Total |    164 |    164 |      0 |      0 |     85 |   1 |  164.0 |
       Dungeon |    164 |    164 |      0 |      0 |     85 |   1 |  164.0 |
               +--------+--------+--------+--------+--------+-----+--------+

Top non-repeatable levels by time:
     D:1: 164 daAuts
